 Dungeon Crawl Stone Soup version 0.31-a0-1338-gb567cfdca4 (console) character file.

Game seed: 211104558893677904

11441 petzl the Toxicologist (level 12, -3/88 HPs)
             Began as a Formicid Delver on Dec 22, 2023.
             Was a Priest of Vehumet.
             Slain by a white ugly thing (35 damage)
             ... on level 10 of the Dungeon.
             The game lasted 00:54:34 (10752 turns).

petzl the Toxicologist (Formicid Delver)           Turns: 10752, Time: 00:55:04

Health: -3/88      AC:  9    Str: 16    XL:     12   Next: 7%
Magic:  12/21      EV: 12    Int: 22    God:    Vehumet [***...]
Gold:   493        SH:  0    Dex: 21    Spells: 7/24 levels left

rFire   . . .        b - +2 dagger (venom) {!f =f}
rCold   . . .        (no shield)
rNeg    . . .        y - +0 leather armour
rPois   +            (helmet unavailable)
rElec   .            h - scarf {repulsion}
rCorr   .            l - +2 pair of gloves "Fuel" {Regen+ Int+3}
SInv    +            q - +2 pair of boots of Idealism {Int+3}
Will    +....        m - amulet of regeneration
Stlth   +++          A - +6 ring of dexterity
HPRegen 1.94/turn    E - ring of poison resistance
MPRegen 0.17/turn

%: repel missiles
@: no status effects
A: permanent stasis, dig shafts and tunnels, antennae 3, four strong arms
a: Dig, Shaft Self, Renounce Religion


You were on level 10 of the Dungeon.
You worshipped Vehumet.
Vehumet was most pleased with you.
You visited 3 branches of the dungeon, and saw 13 of its levels.
You also visited: Ossuary.

You collected 560 gold pieces.
You spent 67 gold pieces at shops.

Inventory:

Hand Weapons
 a - a +3 shortbow of electrocution
 b - a +2 dagger of venom (weapon) {!f =f}
 c - a +2 flail of draining
 d - a +4 hand axe of freezing {!f =f}
 K - a +0 orcbow of flaming
Missiles
 j - 15 poisoned darts
 o - 7 curare-tipped darts (quivered)
Armour
 h - a scarf of repulsion (worn)
 i - a +2 robe of positive energy
 l - the +2 pair of gloves "Fuel" (worn) {Regen+ Int+3}
   (You acquired it on level 4 of the Dungeon)

   Int+3:     It affects your intelligence (+3).
   Regen+:    It increases your rate of health regeneration.
 q - the +2 pair of boots of Idealism (worn) {Int+3}
   (You acquired it in an ossuary)

   Int+3:     It affects your intelligence (+3).
 w - a +0 scale mail
 y - a +0 leather armour (worn)
 H - an orb of guile
Jewellery
 m - an amulet of regeneration (around neck)
 A - a +6 ring of dexterity (left hand)
 E - a ring of poison resistance (right hand)
Wands
 f - a wand of digging (2)
 D - a wand of mindburst (36)
 G - a wand of paralysis (36)
 I - a wand of flame (19)
Scrolls
 k - 6 scrolls of amnesia
 n - a scroll of torment
 p - 2 scrolls of fear
 r - 2 scrolls of enchant armour
 t - 2 scrolls of poison
 v - 2 scrolls of fog
 L - a scroll of brand weapon
 M - a scroll of identify
 O - a scroll of summoning
Potions
 e - 3 potions of curing
 g - 2 potions of attraction {unknown}
 s - a potion of mutation {unknown}
 u - 4 potions of enlightenment {unknown}
 x - a potion of heal wounds {unknown}
 z - a potion of magic {unknown}
 C - 2 potions of might {unknown}
 F - 2 potions of lignification
 J - 2 potions of ambrosia
 N - a potion of brilliance
 P - a potion of cancellation {unknown}


   Skills:
 - Level 6.0 Fighting
 - Level 3.0 Maces & Flails
 + Level 5.7 Ranged Weapons
 - Level 1.7 Dodging
 - Level 6.0 Stealth
 + Level 6.6 Spellcasting
 * Level 7.3 Conjurations
 + Level 3.8 Fire Magic
 + Level 7.1 Ice Magic
 - Level 6.0 Air Magic
 * Level 2.0 Earth Magic
 - Level 8.0 Alchemy
 - Level 2.0 Evocations


You had 7 spell levels left.
You knew the following spells:

 Your Spells              Type           Power      Damage    Failure   Level
a - Stone Arrow           Conj/Erth      54%        3d10      1%          3
b - Sting                 Conj/Alch      100%       1d9       1%          1
l - Freezing Cloud        Conj/Ice/Air   18%        6-21      4%          5
I - Ignite Poison         Fire/Alch      33%        N/A       2%          4
T - Olgreb's Toxic Radia  Alch           42%        N/A       1%          4

Your spell library contained the following spells:

 Spells                   Type           Power      Damage    Failure   Level
 Flame Wave               Conj/Fire      31%        2d9       3%          4
 Sandblast                Erth           32%        2d9       1%          1
 Mercury Vapours          Alch/Air       76%        N/A       1%          2
 Passwall                 Alch/Erth      24%        N/A       1%          2
 Cigotuvi's Dreadful Rot  Necr/Alch/Air  54%        N/A       2%          2
 Irradiate                Conj/Alch      20%        3d18      3%          5
 Brom's Barrelling Bould  Conj/Erth      27%        2d5       4%          4
 Apportation              Tloc           14%        N/A       11%         1
 Necrotise                Necr           28%        1d5       11%         1
 Summon Small Mammal      Summ           28%        N/A       11%         1
 Petrify                  Alch/Erth      29%        N/A       14%         4
 Lesser Beckoning         Tloc           14%        N/A       16%         2
 Sublimation of Blood     Necr           7%         N/A       16%         2
 Call Canine Familiar     Summ           7%         N/A       32%         3
 Gell's Gravitas          Tloc           7%         N/A       32%         3
 Summon Guardian Golem    Hex/Summ       7%         N/A       32%         3
 Teleport Other           Tloc           7%         N/A       32%         3
 Vampiric Draining        Necr           7%         2d6       32%         3
 Agony                    Necr           7%         N/A       96%         5


Dungeon Overview and Level Annotations

Branches:
Dungeon (11/15)            Temple (1/1) D:6            Lair (1/5) D:8
Ossuary (visited)
    Orc: D:9-12

Altars:
Ashenzari
Cheibriados
Dithmenos
Elyvilon
Fedhas
Gozag
Hepliaklqana
Kikubaaqudgha
Makhleb
Nemelex Xobeh
Okawaru
Qazlal
Ru
Sif Muna
Trog
Uskayaw
Vehumet
Wu Jian
Xom
Yredelemnul
Zin
The Shining One

Shops:
D:7 [   D:9 :

Annotations:
D:5 1 runed translucent door, Crazy Yiuf


Innate Abilities, Weirdness & Mutations

You cannot be hasted, slowed, berserked, paralysed or teleported.
You can dig through walls and to a lower floor.
You have a pair of large antennae on your head. (SInv)
Your four strong arms can wield two-handed weapons with a shield.


Message History

The white ugly thing looks even sicker.
The white ugly thing looks even sicker.
Your toxic aura wanes.
You shoot an arrow. The arrow hits the white ugly thing.
The white ugly thing is moderately wounded.
Casting: Olgreb's Toxic Radiance (mildly dangerous; 1% risk of failure)
Confirm with . or Enter, or press ? or * to list all spells.
You begin to radiate toxic energy.
The white ugly thing looks as sick as possible! x2
The white ugly thing looks as sick as possible!
Your toxic aura wanes.
The white ugly thing attacks as it pursues you!
The white ugly thing pecks you. The white ugly thing freezes you!!
Your +3 shortbow of electrocution stops crackling.
Your +2 dagger of venom {!f =f} begins to drip with poison!
b - a +2 dagger of venom (weapon)
{!f =f} The white ugly thing misses you.
You hit the white ugly thing but do no damage.
The white ugly thing looks as sick as possible!
The white ugly thing is heavily wounded.
The white ugly thing barely misses you.
You closely miss the white ugly thing.
The white ugly thing is heavily wounded.
The white ugly thing pecks you but does no damage.
You hit the white ugly thing.
The white ugly thing looks as sick as possible!
The white ugly thing is severely wounded.
The white ugly thing pecks you but does no damage.
You hit the white ugly thing.
The white ugly thing looks as sick as possible!
The white ugly thing is severely wounded.
The white ugly thing pecks you. The white ugly thing freezes you!!
Aiming: Bolt of Light
Press: ? - help, Shift-Dir - straight line, f/p - white ugly thing
Aim: a white ugly thing (severely wounded, extremely poisoned, 71% to hit)
The bolt of light hits the white ugly thing!
The white ugly thing is almost dead.
The white ugly thing is blinded.
The now-empty wand crumbles to dust.
The white ugly thing pecks you. The white ugly thing freezes you!!
You die...

################## { #................#
#....############# #. #....#....#.....#
#.### #....#.##.#.#...#≈≈..§.$..§§. #.#.#
'....#)<#.#.#.###≈...≈$≈§§§.. #.#.#######
#....#..#.#.#.# #§..≈..§§§u.≈ #.#........
.....#..#.#.#.# #≈...≈≈§≈§§.≈ #.#.#######
####.#..#.#.#.# #≈§........≈≈ #.#.#######
>..#.####.#.#.# #§≈.......≈≈###.........#
.#.#......#.#.####≈≈./..≈≈≈##.#..........
.................##≈≈.≈≈≈###..........>..
.#.#........#.#######'#####.#.#..........
...#.#####.....# #......................#
...#.# #.....# #......................#
...#.# #.....# #.......)..............#
...#.# #.....# #..@u..................#
...#.# #..(..# ##########.#.#[#+#....†.
...#.# #...).# #.#.#.#.#.##.## ...#.#
#.....# #.#.#.#........ .###.# #.....#
#.#.#.###.#...# .....# #.....# #.#
........<. .##### #.....############.#
#######.## .## #.....##........##.#
.......... ..##### #.....##........##.#
#######†## #.....## #.....##........##.#
#†# #####..# #.....##........##.# #.#
##.####..............##.# #.#
#..###..............##+# #.#
#######..##........#####..{ #.#
#........##........# .. ........##.#
#.......÷.÷÷.......# ........##.#
...)....÷.÷..~~....### +##......##.#
#........#...~~......## #.##......##.#
#.>......##.≈~.....#..# #.##...~..##.#


You could see a white ugly thing (blind, unable to see you, extremely poisoned).

Vanquished Creatures
  3 two-headed ogres
  A manticore (D:10)
  Maurice (D:7)
  Joseph (D:9)
  Jeremiah (D:7)
  2 komodo dragons
  A hornet (D:10)
  19 yaks
  2 wyverns (D:8)
  2 steam dragons
  A basilisk (D:8)
  Menkaure (D:5)
  An acid dragon (D:8)
  A water moccasin (D:7)
  Duvessa (D:7)
  A black bear (D:5)
  2 orc warriors (D:9)
  3 sky beasts
  4 centaurs
  An ogre (D:4)
  2 phantoms (D:5)
  2 kobold brigands
  3 bullfrogs
  9 scorpions
  10 wights
  Dowan (D:7)
  5 killer bees (D:7)
  2 howler monkeys (D:7)
  An electric eel (D:9)
  4 centaur zombies (Ossuary)
  A jelly (D:8)
  A human zombie (Ossuary)
  5 orc priests
  3 sleepcaps
  Ijyb (D:5)
  An iguana (D:3)
  5 orc wizards
  3 scorpion zombies (Ossuary)
  3 mummies (Ossuary)
  8 adders
  2 bombardier beetles (D:5)
  A white imp (D:5)
  A worm (D:2)
  4 dart slugs
  32 orcs
  7 ball pythons
  3 bats
  7 endoplasms
  3 giant cockroaches
  4 goblins
  8 hobgoblins
  15 kobolds
  2 quokkas
  5 frilled lizards
  3 gnoll zombies (Ossuary)
  2 hobgoblin zombies (Ossuary)
  A kobold zombie (Ossuary)
  2 orc zombies (Ossuary)
  7 rats
228 creatures vanquished.

Notes
Turn   | Place    | Note
-------+----------+-------------------------------------------
     0 | D:5      | petzl the Formicid Delver began the quest for the Orb.
     0 | D:5      | Reached XP level 1. HP: 18/18 MP: 1/1
    69 | D:6      | Noticed a scorpion
   231 | D:5      | Reached skill level 1 in Spellcasting
   333 | D:4      | Reached XP level 2. HP: 24/24 MP: 2/4
   433 | D:4      | Noticed a scorpion
   533 | D:3      | Learned a level 1 spell: Sting
   554 | D:3      | Noticed a sky beast
   626 | D:2      | Reached XP level 3. HP: 29/29 MP: 6/6
  1010 | D:2      | Reached skill level 1 in Alchemy
  1329 | D:1      | Reached XP level 4. HP: 34/35 MP: 7/7
  1747 | D:1      | Found a faded altar of an unknown god.
  1992 | D:2      | Reached skill level 1 in Conjurations
  2370 | D:3      | Found a snail-covered altar of Cheibriados.
  2371 | D:3      | Found a shimmering blue altar of Sif Muna.
  2372 | D:3      | Found a glowing golden altar of the Shining One.
  2373 | D:3      | Found an iron altar of Okawaru.
  2374 | D:3      | Found a blossoming altar of Fedhas.
  2506 | D:3      | Reached skill level 2 in Alchemy
  2506 | D:3      | Reached XP level 5. HP: 41/41 MP: 9/9
  2642 | D:3      | Reached XP level 6. HP: 38/47 MP: 9/11
  2688 | D:4      | Reached skill level 3 in Alchemy
  2729 | D:4      | Identified a scroll of acquirement
  2734 | D:4      | Acquired the +2 pair of gloves "Fuel" {Regen+ Int+3}
  2989 | D:4      | Noticed an ogre
  3002 | D:4      | Killed an ogre
  3003 | D:4      | Reached skill level 1 in Ranged Weapons
  3099 | D:4      | Reached XP level 7. HP: 52/52 MP: 12/12
  3124 | D:4      | Learned a level 5 spell: Freezing Cloud
  3323 | D:3      | Found a sacrificial altar of Ru.
  3581 | D:5      | Noticed Ijyb
  3588 | D:5      | Killed Ijyb
  3589 | D:5      | Reached skill level 1 in Ice Magic
  3589 | D:5      | Reached skill level 4 in Alchemy
  3755 | D:5      | Learned a level 4 spell: Olgreb's Toxic Radiance
  3843 | D:5      | Reached skill level 1 in Air Magic
  3894 | D:5      | Reached XP level 8. HP: 57/59 MP: 14/14
  4296 | D:5      | Noticed Menkaure
  4300 | D:5      | Killed Menkaure
  4354 | D:5      | Found a runed translucent door.
  4355 | D:5      | Noticed Crazy Yiuf
  4715 | D:6      | Found an ancient bone altar of Kikubaaqudgha.
  4728 | D:6      | Found a stormy altar of Qazlal.
  4798 | D:6      | Found a staircase to the Ecumenical Temple.
  4807 | Temple   | Entered the Ecumenical Temple
  4811 | Temple   | Became a worshipper of Vehumet
  5090 | D:6      | Found a glowing silver altar of Zin.
  5090 | D:6      | Noticed an angel
  5559 | D:7      | Noticed Maurice
  5559 | D:7      | Found Laurph Neusch's Armour Boutique.
  5581 | D:7      | Killed Maurice
  5582 | D:7      | Reached skill level 5 in Alchemy
  5582 | D:7      | Reached skill level 1 in Evocations
  5582 | D:7      | Reached XP level 9. HP: 66/66 MP: 14/16
  5589 | D:7      | Bought a +0 pair of boots for 67 gold pieces
  5757 | D:8      | You fall into a shaft and drop 1 floor!
  5826 | D:9      | Noticed a two-headed ogre
  5841 | D:9      | Noticed Joseph
  5871 | D:8      | Found a sand-covered staircase.
  5876 | Ossuary  | Entered an ossuary
  5970 | Ossuary  | Reached * piety under Vehumet
  5970 | Ossuary  | Offered knowledge of Shock by Vehumet.
  6023 | Ossuary  | Reached skill level 5 in Spellcasting
  6139 | Ossuary  | Reached skill level 6 in Alchemy
  6201 | Ossuary  | Reached skill level 5 in Fighting
  6231 | Ossuary  | Acquired the +2 pair of boots of Idealism {Int+3}
  6388 | D:7      | Learned a level 4 spell: Ignite Poison
  6401 | D:7      | Reached XP level 10. HP: 74/74 MP: 12/17
  6525 | D:7      | Noticed Jeremiah
  6603 | D:7      | Reached ** piety under Vehumet
  6603 | D:7      | Offered knowledge of Sandblast by Vehumet.
  6604 | D:7      | Reached skill level 5 in Conjurations
  6717 | D:7      | Reached skill level 1 in Fire Magic
  6890 | D:7      | Noticed Duvessa
  6891 | D:7      | Noticed Dowan
  6903 | D:7      | Killed Duvessa
  6909 | D:7      | Killed Dowan
  7019 | D:7      | Killed Jeremiah
  7020 | D:7      | Reached skill level 5 in Ice Magic
  7854 | D:7      | Reached skill level 7 in Alchemy
  7978 | D:8      | Noticed a komodo dragon
  7981 | D:8      | Killed a komodo dragon
  8193 | D:8      | Found a staircase to the Lair.
  8304 | D:8      | Offered knowledge of Scorch by Vehumet.
  8355 | Lair:1   | Entered Level 1 of the Lair of Beasts
  8385 | Lair:1   | Noticed a komodo dragon
  8391 | Lair:1   | Killed a komodo dragon
  8392 | Lair:1   | Reached XP level 11. HP: 80/81 MP: 7/19
  8818 | D:9      | Killed Joseph
  8819 | D:9      | Reached skill level 5 in Air Magic
  9172 | D:9      | Found Meocwexa's Tremendous Tomes.
  9314 | D:9      | Reached skill level 5 in Ranged Weapons
  9333 | D:9      | Reached *** piety under Vehumet
  9474 | D:9      | Killed a two-headed ogre
  9558 | D:9      | Found a shimmering altar of Xom.
  9952 | D:10     | Entered Level 10 of the Dungeon
 10177 | D:10     | Noticed a manticore
 10186 | D:10     | Reached skill level 8 in Alchemy
 10227 | D:10     | Killed a manticore
 10448 | D:10     | Noticed a two-headed ogre
 10459 | D:10     | Killed a two-headed ogre
 10524 | D:10     | Learned a level 3 spell: Stone Arrow
 10590 | D:10     | Offered knowledge of Flame Wave by Vehumet.
 10591 | D:10     | Reached skill level 1 in Earth Magic
 10596 | D:10     | Reached XP level 12. HP: 88/88 MP: 17/21
 10661 | D:10     | Noticed a two-headed ogre
 10675 | D:10     | Killed a two-headed ogre
 10752 | D:10     | Slain by a white ugly thing

Illustrated notes

Levels and vault maps discovered:
D:1:      lightli_arrival_farm, layout_basic,
          dilly_ecumenical_altar_fadedgnrine, minmay_split_cup_small
D:2:      layout_rooms
D:3:      layout_loops_cross, nicolae_ru_the_path_less_chosen, minitemple,
          kennysheep_generic_room_16
D:4:      layout_cave_pools, grunt_decor_cap, minmay_misc_feat_tiny
D:5:      layout_loops_corners, uniq_ijyb, uniq_menkaure,
          uniq_crazy_yiuf_cottage
D:6:      layout_cave_pods, zin_angel, amethyst_overflow_temple_binary,
          minmay_temple_entry_ruins, skrybe_limestone_x, blue_anna_alchemist
D:7:      layout_loops_ring, nicolae_stop_n_shop_1, uniq_jeremiah, uniq_duvessa,
          uniq_maurice
D:8:      layout_basic, erik_lair_dragon, enter_ossuary_2
D:9:      layout_basic, kennysheep_mini, serial_bayou_lagoon_a,
          nicolae_shop_i_like_big_books, minivault_11,
          chequers_serial_rivers_marsh, uniq_joseph
D:10:     layout_basic, kennysheep_potato, uniq_snorg
D:11:     layout_basic, uniq_psyche
Temple:   nicolae_temple_hex_pool
Lair:1:   layout_loops_ring

Skill      XL: |  1  2  3  4  5  6  7  8  9 10 11 12 |
---------------+-------------------------------------+-----
Spellcasting   | 1 2 3 4 5 6 |  6.6
Alchemy        | 1 2 3 4 5 6 7 8 |  8.0
Conjurations   | 1 2 3 4 6 7 |  7.3
Maces & Flails | 3 |  3.0
Ranged Weapons | 1 2 4 5 |  5.7
Ice Magic      | 1 3 4 5 7 |  7.1
Air Magic      | 1 3 4 5 6 |  6.0
Fighting       | 4 5 6 |  6.0
Evocations     | 1 2 |  2.0
Fire Magic     | 2 3 |  3.8
Earth Magic    | 1 2 |  2.0
Dodging        | |  1.7
Stealth        | |  6.0

Action                     |  1- 3 |  4- 6 |  7- 9 | 10-12 || total
---------------------------+-------+-------+-------+-------++-------
  Melee: Mace              |    32 |       |       |       ||    32
         Punch             |     1 |       |     3 |     1 ||     5
         Flail             |    41 |    84 |    43 |    61 ||   229
         Dagger            |       |    29 |   108 |    37 ||   174
   Fire: Sling             |       |    29 |   109 |       ||   138
         Shortbow          |       |       |    96 |   132 ||   228
  Throw: Dart              |       |       |     4 |     4 ||     8
   Cast: Olgreb's Toxic Ra |       |       |     1 |    65 ||    66
         Sting             |       |       |     1 |       ||     1
         Freezing Cloud    |       |       |       |     1 ||     1
Ability: Shaft Self        |       |       |     1 |       ||     1
  Evoke: Wand              |       |       |     8 |     4 ||    12
    Use: Scroll            |     1 |     6 |    14 |     2 ||    23
         Potion            |       |       |     3 |       ||     3
   Stab: Sleeping          |     5 |     6 |     1 |       ||    12
         Distracted        |     1 |       |       |       ||     1
         Invisible         |       |       |     1 |     1 ||     2
 Armour: Leather armour    |    34 |    24 |     1 |    96 ||   155
         Scale mail        |       |    53 |   232 |       ||   285
  Dodge: Dodged            |    52 |    84 |   136 |    96 ||   368
         Repelled          |     1 |     1 |     5 |     2 ||     9

Table legend: (Time is in decaauts)
 A = Elapsed time spent in this place.
 B = Non-inter-level travel time spent in this place.
 C = Inter-level travel time spent in this place.
 D = Time resting spent in this place.
 E = Time spent auto-exploring this place.
 F = Levels seen in this place.
 G = Mean time per level.
                   A        B        C        D        E       F      G
               +--------+--------+--------+--------+--------+-----+--------+
         Total |  10962 |  10490 |    472 |   1499 |   5499 |  14 |  783.0 |
       Dungeon |  10273 |   9806 |    467 |   1423 |   5485 |  11 |  933.9 |
        Temple |      7 |      2 |      5 |      0 |      0 |   1 |    7.0 |
          Lair |    201 |    201 |      0 |     70 |      1 |   1 |  201.0 |
       Ossuary |    480 |    480 |      0 |      6 |     13 |   1 |  480.0 |
               +--------+--------+--------+--------+--------+-----+--------+

Top non-repeatable levels by time:
     D:9: 1423 daAuts
     D:7: 1303 daAuts
     D:5: 1289 daAuts
     D:8: 1081 daAuts
     D:6: 1064 daAuts
     D:3: 1052 daAuts
     D:1: 883 daAuts
     D:4: 866 daAuts
    D:10: 800 daAuts
     D:2: 505 daAuts
 Ossuary: 480 daAuts
  Lair:1: 201 daAuts
  Temple: 7 daAuts
    D:11: 1 daAuts
